 Dungeon Crawl Stone Soup version 0.17-a0-2002-g92c7e20 (webtiles) character file.

5334 braksdos the Cleaver (level 10, 0/135 HPs)
             Began as a Grey Draconian Berserker on Oct 7, 2015.
             Was an Elder of Trog.
             Slain by a very large slime creature (24 damage)
             ... on level 10 of the Dungeon on Oct 8, 2015.
             The game lasted 00:26:40 (9267 turns).

braksdos the Cleaver (Grey Draconian Berserker)     Turns: 9267, Time: 00:26:40

Health: 0/135      AC: 17    Str: 26    XL:     10   Next: 38%
Magic:  10/10      EV: 16    Int:  7    God:    Trog [****..]
Gold:   455        SH:  0    Dex: 15    Spells: 0 memorised, 9 levels left

rFire  . . .     SeeInvis .     a - +0 battleaxe (curse)
rCold  . . .     Clarity  .     (armour unavailable)
rNeg   . . .     SustAt   .     (no shield)
rPois  .         Gourm    .     C - +1 hat
rElec  .         Spirit   .     m - +0 cloak
rCorr  +         Warding  .     i - +0 pair of gloves
rMut   .         Stasis   .     (no boots)
MR     +++..                    M - amulet of resist corrosion (curse)
Stlth  ..........               x - +2 ring of dexterity
                                l - +2 ring of protection

@: berserking, regenerating, very quick, extremely resistant to hostile
enchantments, extremely unstealthy
A: walk through water, unfitting armour, hooves 1, magic resistance 1,
unbreathing, cold-blooded, subdued magic 1, AC +12
a: Burn Spellbooks, Berserk, Trog's Hand, Brothers in Arms, Renounce Religion


You were on level 10 of the Dungeon.
You worshipped Trog.
Trog was greatly pleased with you.
You were not hungry.

You visited 1 branch of the dungeon, and saw 10 of its levels.

You collected 455 gold pieces.

Inventory:

Hand Weapons
 a - a cursed +0 battleaxe (weapon)
 f - a +1 broad axe of draining
 g - a +2 hunting sling of flaming
 w - a +0 war axe
Missiles
 q - a throwing net
 s - 4 tomahawks (quivered)
 A - 46 sling bullets
Armour
 i - a +0 pair of gloves (worn)
 m - a +0 cloak (worn)
 C - a +1 hat (worn)
Jewellery
 h - a cursed amulet of inaccuracy {unknown}
 l - a +2 ring of protection (left hand)
 x - a +2 ring of dexterity (right hand)
 M - a cursed amulet of resist corrosion (around neck)
Wands
 r - a wand of paralysis (11)
 t - a wand of random effects (40)
Scrolls
 c - a scroll of blinking
 e - 6 scrolls of remove curse
 k - 2 scrolls of teleportation
 p - a scroll of enchant armour
 v - a scroll of recharging
Potions
 d - a potion of curing
 n - a potion of magic {unknown}
 u - 2 potions of berserk rage
 z - a potion of might
 B - a potion of lignification
 E - a potion of ambrosia {unknown}
 F - 3 potions of flight {unknown}
 J - a potion of heal wounds {unknown}
 K - a potion of haste
Books
 D - a book of Flames

   Spells                             Type                      Level
   a - Flame Tongue                   Conjuration/Fire             1
   b - Throw Flame                    Conjuration/Fire             2
   c - Conjure Flame                  Conjuration/Fire             3
   d - Inner Flame                    Hexes/Fire                   3
   e - Sticky Flame                   Conjuration/Fire             4
   f - Fireball                       Conjuration/Fire             5
   Trog disapproves of the use of such an item.
 I - a book of Hinderance

   Spells                             Type                      Level
   a - Confusing Touch                Hexes                        2
   b - Confuse                        Hexes                        3
   c - Gell's Gravitas                Hexes/Translocation          3
   d - Petrify                        Transmutation/Earth          4
   e - Metabolic Englaciation         Hexes/Ice                    5
   Trog disapproves of the use of such an item.
Comestibles
 b - 8 bread rations
 j - 10 beef jerkies
 o - 3 meat rations
 G - 4 fruits
 H - a chunk of flesh


   Skills:
 + Level 8.6 Fighting
 * Level 10.6 Axes
 * Level 4.8 Throwing
 + Level 7.3 Dodging


You had 9 spell levels left.
You didn't know any spells.

Dungeon Overview and Level Annotations

Branches:
Dungeon (10/15)            Temple (0/1) D:5
   Lair: D:8-11         Orc: D:9-12

Altars:
Ashenzari
Cheibriados
Gozag
Kikubaaqudgha
Makhleb
Okawaru
Ru
Sif Muna
Trog
Vehumet
Xom
Yredelemnul


Innate Abilities, Weirdness & Mutations

You can walk through water.
Your dull iron-grey scales are very hard (AC +12).
Your body does not fit into most forms of armour.
You can survive without breathing.
You are cold-blooded and may be slowed by cold attacks.
You have large cloven feet.
You are resistant to hostile enchantments.
Your spells are a little easier to cast, but a little less powerful.


Message History

The very large slime creature closely misses you.
The gnoll shouts!
You slash the very large slime creature!
Your kick misses the very large slime creature.
Your tail-slap misses the very large slime creature.
The very large slime creature is moderately wounded.
The very large slime creature hits you!!!
You slash the very large slime creature!
You kick the very large slime creature.
The very large slime creature is moderately wounded.
The very large slime creature hits you!!!
* * * LOW HITPOINT WARNING * * *
You slice the very large slime creature!!
You kick the very large slime creature!
The very large slime creature is heavily wounded.
You slash the very large slime creature!
You tail-slap the very large slime creature!
The very large slime creature is heavily wounded.
The very large slime creature hits you!!
You die...

###
#########.#
#<........#
#########.#
#@# #J# #g#
#.....(g.....#
#.#####.#.####
.g.... ... ###
##.## ...


You could see a very large slime creature and 3 gnolls.

Vanquished Creatures
  Pikel (D:8)
  Joseph (D:8)
  The ghost of brucemayne the Cleaver, an amateur HOBe of Trog (D:7)
  A two-headed ogre (D:8)
  Eustachio (D:5)
  2 humans (D:7)
  A hungry ghost (D:9)
  A water moccasin (D:7)
  A sky beast (D:9)
  4 phantoms
  An ice beast (D:9)
  3 black bears
  4 ogres
  3 centaurs
  7 giant frogs
  2 scorpions
  3 wights (D:8)
  9 killer bees
  A crimson imp (D:9)
  8 hounds
  6 orc priests
  Ijyb (D:2)
  A giant frog skeleton (D:10)
  4 worker ants
  2 iguanas
  Natasha (thrice) (D:2)
  2 orc wizards
  A killer bee zombie (D:8)
  2 hound skeletons
  A gnoll (D:10)
  14 adders
  2 shadow imps
  An adder skeleton (D:5)
  An adder zombie (D:8)
  4 worms (D:2)
  10 giant geckos
  24 orcs
  5 giant cockroaches
  5 goblins
  9 hobgoblins
  9 jackals
  3 quokkas
  3 ball pythons
  11 bats
  A giant cockroach zombie (D:6)
  4 giant newts
  2 jackal skeletons
  A jackal zombie (D:9)
  5 kobolds
  7 rats
  A spectral orc (D:4)
200 creatures vanquished.

Vanquished Creatures (others)
  2 slaves (D:8)
  A wight (D:8)
  An adder (D:8)
4 creatures vanquished.

Grand Total: 204 creatures vanquished

Notes
Turn   | Place    | Note
--------------------------------------------------------------
     0 | D:1      | braksdos the Draconian Berserker began the quest for the Orb.
     0 | D:1      | Reached XP level 1. HP: 19/19 MP: 1/1
   255 | D:1      | Reached XP level 2. HP: 16/27 MP: 2/2
   603 | D:1      | Acquired Trog's second power
   719 | D:1      | Reached XP level 3. HP: 30/33 MP: 3/3
  1052 | D:2      | Found a deep blue altar of Sif Muna.
  1111 | D:2      | Reached skill level 4 in Fighting
  1218 | D:2      | Reached XP level 4. HP: 40/40 MP: 4/4
  1255 | D:2      | Noticed Natasha
  1273 | D:2      | Killed Natasha
  1429 | D:2      | Noticed Ijyb
  1438 | D:2      | Killed Ijyb
  1553 | D:2      | Reached XP level 5. HP: 47/47 MP: 5/5
  1591 | D:2      | Noticed Natasha
  1596 | D:2      | Killed Natasha
  1798 | D:2      | Found a burning altar of Makhleb.
  1993 | D:2      | Noticed Natasha
  1997 | D:2      | Killed Natasha
  2143 | D:3      | Upgraded the game from 0.17-a0-1996-gd2c0ec8 to 0.17-a0-2002-g92c7e20
  2464 | D:3      | Reached skill level 5 in Fighting
  2710 | D:4      | Reached XP level 6. HP: 56/56 MP: 6/6
  2809 | D:4      | Reached skill level 5 in Axes
  3087 | D:4      | Found a basalt altar of Yredelemnul.
  3438 | D:4      | Found an ancient bone altar of Kikubaaqudgha.
  3495 | D:4      | Your scales start taking on a dull iron-grey colour.
  3495 | D:4      | Gained mutation: You can survive without breathing. [Grey Draconian growth]
  3495 | D:4      | Reached XP level 7. HP: 40/61 MP: 7/7
  3657 | D:4      | Noticed an ogre
  3664 | D:4      | Killed an ogre
  3812 | D:4      | Noticed a phantom
  3847 | D:4      | Killed a phantom
  3847 | D:4      | Reached skill level 6 in Axes
  4060 | D:5      | Entered Level 5 of the Dungeon
  4172 | D:5      | Found a snail-covered altar of Cheibriados.
  4191 | D:5      | Reached skill level 5 in Dodging
  4282 | D:5      | Found a staircase to the Ecumenical Temple.
  4320 | D:5      | Found a sacrificial altar of Ru.
  4641 | D:5      | Reached XP level 8. HP: 70/70 MP: 8/8
  4791 | D:5      | Reached skill level 7 in Axes
  4875 | D:5      | Noticed Eustachio
  4911 | D:5      | Killed Eustachio
  5357 | D:6      | Found a shattered altar of Ashenzari.
  6160 | D:7      | Reached skill level 8 in Axes
  6344 | D:7      | Noticed brucemayne's ghost (amateur HOBe)
  6651 | D:7      | Killed brucemayne's ghost
  6763 | D:7      | Found a radiant altar of Vehumet.
  6806 | D:7      | Reached XP level 9. HP: 33/79 MP: 9/9
  6981 | D:7      | Reached skill level 9 in Axes
  7152 | D:7      | Found a bloodstained altar of Trog.
  7170 | D:7      | Reached skill level 1 in Throwing
  7205 | D:7      | Found an opulent altar of Gozag.
  7263 | D:7      | Found an iron altar of Okawaru.
  7836 | D:8      | Acquired Trog's third power
  7936 | D:8      | Noticed Joseph
  7940 | D:8      | Noticed Pikel
  7950 | D:8      | Killed Joseph
  7950 | D:8      | Reached skill level 10 in Axes
  7955 | D:8      | Killed Pikel
  7955 | D:8      | Reached XP level 10. HP: 88/88 MP: 10/10
  8589 | D:9      | Gained mutation: You have large cloven feet. [mutagenic meat]
  8590 | D:9      | Gained mutation: You are occasionally teleported to nearby monsters. [mutagenic meat]
  8591 | D:9      | Gained mutation: You are resistant to hostile enchantments. [mutagenic meat]
  8592 | D:9      | Gained mutation: Your spells are a little easier to cast, but a little less powerful. [mutagenic meat]
  8593 | D:9      | Lost mutation: You are occasionally teleported to nearby monsters. [mutagenic meat]
  8886 | D:9      | Found a shimmering altar of Xom.
  8887 | D:9      | Found a shimmering altar of Xom.
  8887 | D:9      | Found a shimmering altar of Xom.
  8894 | D:9      | Found a shimmering altar of Xom.
  9083 | D:9      | Noticed an orb spider
  9083 | D:9      | a hippogriff changed into an orb spider
  9195 | D:9      | Found an opulent altar of Gozag.
  9234 | D:10     | Entered Level 10 of the Dungeon
  9267 | D:10     | Slain by a very large slime creature

Vault maps used:
D:1:      lightli_arrival_lavapool
D:2:      lemuel_crystal_altar, first_bread, makhleb_blood_cavern_becter,
          uniq_natasha, uniq_iyjb
D:3:      kennysheep_decorative_pillar, hangedman_feature_mirror
D:4:      kennysheep_mini_moat, yredelemnul_forgotten_temple_becter
D:5:      lemuel_crystal_altar, lemuel_round_altar,
          minmay_temple_entry_statues_pillars, corexii_item_surrounded_by_moat,
          uniq_eustachio
D:6:      nicolae_ashenzari_panopticon
D:7:      nicolae_overflow_crystal_walls, trog_ov_bears_minmay,
          lemuel_crystal_altar, okawaru_humans, grunt_ogre_cave,
          serial_park_tiny_pond
D:8:      uniq_joseph, uniq_pikel
D:9:      xom_shifter_show, grunt_gozag_statues
D:10:     lair_0_dummy, basic_altar, uniq_grum

Action                   |  1- 3 |  4- 6 |  7- 9 | 10-12 || total
-------------------------+-------+-------+-------+-------++-------
Melee: Hand axe          |    96 |   108 |       |       ||   204
       War axe           |       |    64 |   314 |    44 ||   422
       Battleaxe         |       |       |       |    70 ||    70
Throw: Tomahawk          |       |       |    10 |       ||    10
       Throwing net      |       |       |     1 |       ||     1
Invok: Berserk           |     2 |    11 |    12 |     1 ||    26
       Trog's Hand       |       |     1 |     5 |     1 ||     7
  Use: Potion            |       |     2 |     1 |       ||     3
       Scroll            |       |       |     5 |    10 ||    15
 Stab: Sleeping          |       |     1 |     5 |       ||     6
       Held in net/web   |       |       |     1 |       ||     1
  Eat: Chunk             |     2 |    19 |    24 |     9 ||    54
       Pizza             |       |       |     2 |     1 ||     3
       Royal jelly       |       |       |       |     1 ||     1
